[ PARTIDA AOE2 · #477971810 ]
UnrankedSarracenos vs Bulgarians
[ ANÁLISIS DE REPETICIÓN · EXTRAÍDO DE LA PARTIDA GRABADA ]
Feudal
9:14
Castillos
29:49
Imperial
—
| APM promedio | 44.8 |
| APM pico | 81 |
| eAPM promedio | 19.8 |
| Aldeanos / militares | 55 / 78 |
Foco
⚔️ 42.4% · 🌾 57.6%
Archer ×76 · Spearman ×2
Feudal
10:43
Castillos
14:25
Imperial
—
| APM promedio | 59.9 |
| APM pico | 118 |
| eAPM promedio | 31.8 |
| Aldeanos / militares | 161 / 67 |
Foco
⚔️ 16.6% · 🌾 83.4%
Knight ×60 · Monk ×7
Feudal
10:10
Castillos
13:24
Imperial
—
| APM promedio | 80.3 |
| APM pico | 222 |
| eAPM promedio | 43.5 |
| Aldeanos / militares | 192 / 22 |
Foco
⚔️ 55.9% · 🌾 44.1%
Mangonel ×10 · Knight ×6 · Scorpion ×6
Feudal
9:20
Castillos
19:01
Imperial
—
| APM promedio | 43.2 |
| APM pico | 147 |
| eAPM promedio | 17.8 |
| Aldeanos / militares | 40 / 0 |
Foco
⚔️ 33.2% · 🌾 66.8%
Unknown (2579) ×38
Feudal
8:51
Castillos
24:04
Imperial
—
| APM promedio | 52.0 |
| APM pico | 92 |
| eAPM promedio | 23.6 |
| Aldeanos / militares | 70 / 57 |
Foco
⚔️ 43.1% · 🌾 56.9%
Archer ×53 · Spearman ×4
Feudal
8:56
Castillos
19:31
Imperial
—
| APM promedio | 58.6 |
| APM pico | 113 |
| eAPM promedio | 14.8 |
| Aldeanos / militares | 76 / 74 |
Foco
⚔️ 32.1% · 🌾 67.9%
Knight ×67 · Scout Cavalry ×5 · Monk ×2
Feudal
8:57
Castillos
20:55
Imperial
—
| APM promedio | 43.4 |
| APM pico | 78 |
| eAPM promedio | 15.5 |
| Aldeanos / militares | 61 / 47 |
Foco
⚔️ 42.1% · 🌾 57.9%
Archer ×41 · Militia ×5 · Mangonel ×1
Feudal
9:02
Castillos
23:38
Imperial
—
| APM promedio | 38.4 |
| APM pico | 66 |
| eAPM promedio | 25.4 |
| Aldeanos / militares | 112 / 53 |
Foco
⚔️ 39.8% · 🌾 60.2%
Knight ×53
Mapa de la partida
Recursos iniciales + cada clic de construcción. Líneas = muros · curvas = relieve. ◆ oro · ⬟ piedra · ● bayas · ✦ reliquia · ◌ hueco del cierre
Tu base· Abierta — hueco de 3t
Base de Elroundyy· ✓ Cerrada en 14:25 · 0t muro · 2 puerta(s)
Base de EndRCM· Abierta — flanco sin cerrar
Base de Steven S Lee· Abierta — hueco de 5t
Base de KumaraGD· ✓ Cerrada en 24:04 · 3t muro · 6 puerta(s)
Base de Grrgrag· ✓ Cerrada en 19:31 · 28t muro · 4 puerta(s)
Base de 玩UG千万别出HY龙心· ✓ Cerrada en 20:55 · 2t muro · 3 puerta(s)
Base de Fred's real son· Abierta — hueco de 4t
Terreno inicial suavizado · ◌ = hueco del cierre detectado · pasá el cursor para detalles
Inputs por minuto
— argum - - Elroundyy
Build order — argum
Primeras 150 de 190 acciones detectadas
| 0:01 | Crear | Villager (Male) ×4 |
| 0:04 | Construir | House |
| 0:05 | Construir | House |
| 1:28 | Crear | Villager (Male) |
| 2:11 | Crear | Villager (Male) |
| 2:30 | Crear | Villager (Male) |
| 2:56 | Construir | Lumber Camp |
| 3:07 | Crear | Villager (Male) |
| 3:25 | Crear | Villager (Male) |
| 3:27 | Crear | Villager (Male) |
| 4:10 | Construir | House |
| 4:29 | Crear | Villager (Male) |
| 4:29 | Crear | Villager (Male) |
| 4:47 | Construir | House |
| 4:59 | Crear | Villager (Male) |
| 5:00 | Crear | Villager (Male) |
| 5:00 | Crear | Villager (Male) |
| 5:17 | Crear | Villager (Male) |
| 5:36 | Crear | Villager (Male) |
| 5:48 | Construir | Mill |
| 6:06 | Investigar | Loom |
| 6:57 | Investigar | Feudal Age |
| 7:50 | Construir | Mining Camp |
| 8:11 | Crear | Villager (Male) |
| 8:40 | Construir | Barracks |
| 9:14 | Edad | Edad Feudal |
| 9:23 | Construir | Archery Range |
| 9:33 | Crear | Villager (Male) |
| 9:41 | Construir | Market |
| 9:44 | Construir | House |
| 10:03 | Crear | Villager (Male) |
| 10:07 | Investigar | Double-Bit Axe |
| 10:13 | Crear | Archer |
| 10:31 | Crear | Spearman |
| 10:32 | Crear | Archer |
| 10:32 | Crear | Villager (Male) |
| 11:12 | Construir | Archery Range |
| 11:29 | Crear | Villager (Male) |
| 11:44 | Crear | Archer |
| 12:00 | Construir | Blacksmith |
| 12:07 | Construir | House |
| 12:08 | Construir | House |
| 12:08 | Construir | House |
| 12:11 | Crear | Villager (Male) |
| 12:12 | Crear | Archer |
| 12:12 | Crear | Archer |
| 12:28 | Investigar | Gold Mining |
| 12:40 | Crear | Villager (Male) |
| 13:04 | Crear | Archer |
| 13:05 | Crear | Villager (Male) |
| 13:05 | Crear | Archer |
| 13:26 | Investigar | Fletching |
| 13:29 | Crear | Villager (Male) |
| 13:51 | Crear | Archer |
| 13:51 | Crear | Villager (Male) |
| 14:06 | Crear | Archer |
| 14:08 | Crear | Archer |
| 14:08 | Crear | Villager (Male) |
| 14:21 | Crear | Archer |
| 14:33 | Crear | Archer |
| 14:41 | Construir | Archery Range |
| 14:50 | Construir | Mining Camp |
| 14:51 | Crear | Villager (Male) |
| 15:03 | Crear | Archer |
| 15:20 | Crear | Archer |
| 15:21 | Crear | Villager (Male) |
| 15:24 | Crear | Archer |
| 15:46 | Crear | Archer |
| 15:56 | Crear | Archer |
| 16:31 | Crear | Archer |
| 16:31 | Crear | Archer |
| 16:31 | Crear | Villager (Male) |
| 16:54 | Crear | Villager (Male) |
| 17:09 | Crear | Archer |
| 17:10 | Crear | Archer |
| 17:10 | Crear | Archer |
| 17:10 | Crear | Villager (Male) |
| 17:21 | Construir | Market |
| 17:23 | Construir | Market |
| 17:46 | Investigar | Town Watch |
| 18:02 | Crear | Villager (Male) |
| 18:22 | Crear | Archer |
| 18:38 | Crear | Archer |
| 18:39 | Crear | Villager (Male) |
| 18:40 | Crear | Archer |
| 19:09 | Crear | Archer |
| 19:09 | Crear | Villager (Male) |
| 19:28 | Crear | Archer |
| 19:38 | Crear | Archer |
| 19:43 | Construir | Farm |
| 19:44 | Construir | Farm |
| 19:46 | Crear | Villager (Male) |
| 20:06 | Crear | Archer |
| 20:06 | Crear | Archer |
| 20:07 | Crear | Villager (Male) |
| 20:19 | Crear | Archer |
| 20:29 | Construir | Farm |
| 20:31 | Construir | Farm |
| 20:35 | Construir | Farm |
| 20:36 | Construir | Farm |
| 20:37 | Construir | Farm |
| 20:43 | Crear | Archer |
| 20:44 | Crear | Villager (Male) |
| 21:05 | Crear | Villager (Male) |
| 21:06 | Crear | Archer |
| 21:11 | Construir | House |
| 21:17 | Crear | Villager (Male) |
| 21:30 | Investigar | Padded Archer Armor |
| 21:35 | Crear | Archer |
| 21:43 | Construir | Lumber Camp |
| 21:59 | Crear | Archer |
| 21:59 | Crear | Archer |
| 22:00 | Crear | Villager (Male) |
| 22:09 | Crear | Archer |
| 22:25 | Construir | Farm |
| 22:26 | Crear | Villager (Male) |
| 22:28 | Crear | Archer |
| 22:48 | Crear | Archer |
| 22:49 | Crear | Archer |
| 22:49 | Crear | Villager (Male) |
| 23:02 | Construir | Farm |
| 23:06 | Crear | Archer |
| 23:07 | Crear | Archer |
| 23:07 | Crear | Archer |
| 23:07 | Crear | Villager (Male) |
| 23:11 | Construir | House |
| 23:16 | Construir | House |
| 23:16 | Construir | House |
| 23:33 | Investigar | Wheelbarrow |
| 23:44 | Crear | Archer |
| 23:46 | Crear | Villager (Male) |
| 24:29 | Crear | Archer |
| 24:29 | Crear | Villager (Male) |
| 24:35 | Crear | Archer |
| 24:36 | Crear | Archer |
| 24:36 | Crear | Archer |
| 24:54 | Crear | Archer |
| 24:55 | Crear | Villager (Male) |
| 25:07 | Crear | Archer |
| 25:08 | Crear | Villager (Male) |
| 25:12 | Construir | Farm |
| 25:12 | Construir | Farm |
| 25:12 | Construir | Farm |
| 25:13 | Construir | Farm |
| 25:13 | Construir | Farm |
| 25:15 | Construir | Farm |
| 25:35 | Crear | Archer |
| 25:36 | Crear | Archer |
| 25:53 | Crear | Archer |
| 26:08 | Crear | Archer |
Build order — Elroundyy
Primeras 150 de 400 acciones detectadas
| 0:01 | Crear | Villager (Male) |
| 0:01 | Crear | Villager (Male) |
| 0:01 | Crear | Villager (Male) |
| 0:02 | Construir | House |
| 0:03 | Construir | House |
| 0:15 | Crear | Villager (Male) |
| 0:16 | Crear | Villager (Male) |
| 1:25 | Crear | Villager (Male) |
| 1:25 | Crear | Villager (Male) |
| 1:25 | Crear | Villager (Male) |
| 1:44 | Construir | Lumber Camp |
| 1:59 | Crear | Villager (Male) |
| 1:59 | Crear | Villager (Male) |
| 1:59 | Crear | Villager (Male) |
| 2:27 | Crear | Villager (Male) |
| 2:49 | Crear | Villager (Male) |
| 3:19 | Crear | Villager (Male) |
| 3:30 | Crear | Villager (Male) |
| 3:58 | Construir | Mill |
| 4:05 | Crear | Villager (Male) |
| 4:26 | Crear | Villager (Male) |
| 4:42 | Investigar | Loom |
| 4:42 | Investigar | Loom |
| 4:44 | Construir | House |
| 4:47 | Construir | House |
| 4:56 | Crear | Villager (Male) |
| 4:56 | Crear | Villager (Male) |
| 5:21 | Crear | Villager (Male) |
| 6:03 | Crear | Villager (Male) |
| 6:13 | Crear | Villager (Male) |
| 6:38 | Crear | Villager (Male) |
| 7:15 | Crear | Villager (Male) |
| 7:36 | Crear | Villager (Male) |
| 7:47 | Construir | Mining Camp |
| 8:02 | Crear | Villager (Male) |
| 8:25 | Investigar | Feudal Age |
| 8:25 | Investigar | Feudal Age |
| 8:25 | Investigar | Feudal Age |
| 9:53 | Crear | Villager (Male) |
| 9:53 | Crear | Villager (Male) |
| 9:58 | Construir | House |
| 10:43 | Edad | Edad Feudal |
| 10:45 | Construir | Market |
| 10:48 | Construir | Blacksmith |
| 11:45 | Investigar | Castle Age |
| 11:45 | Investigar | Castle Age |
| 11:45 | Investigar | Castle Age |
| 12:11 | Investigar | Horse Collar |
| 12:11 | Investigar | Horse Collar |
| 12:16 | Construir | Farm |
| 12:29 | Construir | Farm |
| 13:58 | Construir | Farm |
| 14:07 | Investigar | Double-Bit Axe |
| 14:07 | Investigar | Double-Bit Axe |
| 14:08 | Crear | Villager (Male) |
| 14:25 | Edad | Edad de los Castillos |
| 14:28 | Construir | Town Center |
| 14:38 | Crear | Villager (Male) |
| 15:04 | Construir | Monastery |
| 15:08 | Crear | Villager (Male) |
| 15:39 | Crear | Villager (Male) |
| 15:41 | Crear | Villager (Male) |
| 15:41 | Crear | Villager (Male) |
| 15:52 | Construir | Town Center |
| 15:54 | Crear | Monk |
| 15:57 | Crear | Villager (Male) |
| 16:00 | Construir | House |
| 16:01 | Construir | House |
| 16:09 | Construir | Farm |
| 16:17 | Construir | Farm |
| 16:21 | Crear | Villager (Male) |
| 16:21 | Crear | Villager (Male) |
| 16:21 | Crear | Villager (Male) |
| 16:27 | Construir | House |
| 16:34 | Construir | Farm |
| 16:37 | Construir | Farm |
| 16:39 | Crear | Villager (Male) |
| 16:39 | Crear | Villager (Male) |
| 16:39 | Crear | Villager (Male) |
| 17:00 | Construir | Farm |
| 17:01 | Construir | Farm |
| 17:05 | Crear | Villager (Male) |
| 17:06 | Construir | Farm |
| 17:26 | Construir | Farm |
| 17:27 | Crear | Villager (Male) |
| 17:27 | Crear | Villager (Male) |
| 17:27 | Crear | Villager (Male) |
| 17:39 | Construir | Farm |
| 17:43 | Construir | Farm |
| 17:54 | Crear | Villager (Male) |
| 17:54 | Crear | Villager (Male) |
| 17:54 | Crear | Villager (Male) |
| 18:03 | Construir | Farm |
| 18:04 | Construir | Farm |
| 18:20 | Construir | Farm |
| 18:22 | Construir | Farm |
| 18:23 | Crear | Villager (Male) |
| 18:23 | Crear | Villager (Male) |
| 18:24 | Crear | Villager (Male) |
| 18:28 | Construir | Farm |
| 18:30 | Crear | Monk |
| 18:30 | Crear | Monk |
| 18:32 | Crear | Villager (Male) |
| 18:33 | Crear | Villager (Male) |
| 18:33 | Crear | Villager (Male) |
| 18:40 | Construir | Farm |
| 18:50 | Construir | Farm |
| 18:50 | Crear | Villager (Male) |
| 18:51 | Crear | Villager (Male) |
| 18:51 | Crear | Villager (Male) |
| 18:55 | Construir | Farm |
| 18:56 | Crear | Villager (Male) |
| 18:56 | Crear | Villager (Male) |
| 19:03 | Construir | Farm |
| 19:04 | Crear | Villager (Male) |
| 19:04 | Crear | Villager (Male) |
| 19:07 | Construir | House |
| 19:07 | Construir | House |
| 19:11 | Construir | House |
| 19:11 | Construir | House |
| 19:13 | Construir | House |
| 19:19 | Crear | Villager (Male) |
| 19:20 | Crear | Villager (Male) |
| 19:29 | Crear | Villager (Male) |
| 19:29 | Crear | Villager (Male) |
| 19:30 | Crear | Villager (Male) |
| 19:32 | Construir | Farm |
| 19:35 | Crear | Villager (Male) |
| 19:35 | Crear | Villager (Male) |
| 19:35 | Crear | Villager (Male) |
| 19:41 | Crear | Villager (Male) |
| 19:41 | Crear | Villager (Male) |
| 19:47 | Construir | Farm |
| 19:49 | Construir | Farm |
| 19:53 | Construir | Farm |
| 19:55 | Crear | Villager (Male) |
| 19:55 | Crear | Villager (Male) |
| 19:57 | Crear | Villager (Male) |
| 19:57 | Crear | Villager (Male) |
| 20:11 | Crear | Villager (Male) |
| 20:12 | Crear | Villager (Male) |
| 20:12 | Crear | Villager (Male) |
| 20:24 | Crear | Villager (Male) |
| 20:24 | Crear | Villager (Male) |
| 20:24 | Crear | Villager (Male) |
| 20:28 | Construir | House |
| 20:29 | Crear | Villager (Male) |
| 20:30 | Crear | Villager (Male) |
| 20:37 | Construir | Mill |
| 20:42 | Crear | Villager (Male) |
Build order — EndRCM
Primeras 150 de 380 acciones detectadas
| 0:02 | Crear | Villager (Male) |
| 0:03 | Crear | Villager (Male) |
| 0:03 | Crear | Villager (Male) |
| 0:03 | Crear | Villager (Male) |
| 0:03 | Crear | Villager (Male) |
| 0:04 | Construir | House |
| 0:06 | Construir | House |
| 1:26 | Crear | Villager (Male) |
| 1:26 | Crear | Villager (Male) |
| 1:26 | Crear | Villager (Male) |
| 1:45 | Construir | Lumber Camp |
| 2:09 | Crear | Villager (Male) |
| 2:09 | Crear | Villager (Male) |
| 2:35 | Crear | Villager (Male) |
| 2:35 | Crear | Villager (Male) |
| 2:35 | Crear | Villager (Male) |
| 2:59 | Crear | Villager (Male) |
| 2:59 | Crear | Villager (Male) |
| 3:00 | Crear | Villager (Male) |
| 3:17 | Crear | Villager (Male) |
| 3:35 | Crear | Villager (Male) |
| 3:35 | Crear | Villager (Male) |
| 3:36 | Crear | Villager (Male) |
| 3:36 | Crear | Villager (Male) |
| 3:47 | Construir | House |
| 4:03 | Crear | Villager (Male) |
| 4:03 | Crear | Villager (Male) |
| 4:22 | Crear | Villager (Male) |
| 4:22 | Crear | Villager (Male) |
| 4:22 | Crear | Villager (Male) |
| 4:32 | Construir | House |
| 4:42 | Crear | Villager (Male) |
| 4:43 | Crear | Villager (Male) |
| 4:43 | Crear | Villager (Male) |
| 4:43 | Crear | Villager (Male) |
| 5:22 | Crear | Villager (Male) |
| 5:23 | Crear | Villager (Male) |
| 5:23 | Crear | Villager (Male) |
| 5:26 | Construir | Mill |
| 5:53 | Crear | Villager (Male) |
| 5:54 | Crear | Villager (Male) |
| 5:54 | Crear | Villager (Male) |
| 5:54 | Crear | Villager (Male) |
| 5:54 | Crear | Villager (Male) |
| 6:34 | Crear | Villager (Male) |
| 6:37 | Construir | Mining Camp |
| 7:13 | Crear | Villager (Male) |
| 7:51 | Investigar | Feudal Age |
| 9:08 | Construir | Farm |
| 10:10 | Edad | Edad Feudal |
| 10:12 | Crear | Villager (Male) |
| 10:15 | Construir | House |
| 10:25 | Construir | Farm |
| 10:27 | Construir | Farm |
| 10:31 | Construir | Farm |
| 10:44 | Investigar | Castle Age |
| 10:44 | Investigar | Castle Age |
| 11:27 | Construir | House |
| 11:31 | Investigar | Double-Bit Axe |
| 11:31 | Investigar | Double-Bit Axe |
| 11:41 | Investigar | Horse Collar |
| 11:41 | Investigar | Horse Collar |
| 11:41 | Investigar | Horse Collar |
| 13:24 | Edad | Edad de los Castillos |
| 13:39 | Crear | Villager (Male) |
| 13:39 | Crear | Villager (Male) |
| 13:39 | Crear | Villager (Male) |
| 13:42 | Construir | Town Center |
| 14:06 | Crear | Villager (Male) |
| 14:31 | Crear | Villager (Male) |
| 14:54 | Construir | Palisade Wall |
| 14:57 | Crear | Villager (Male) |
| 15:02 | Crear | Villager (Male) |
| 15:02 | Crear | Villager (Male) |
| 15:03 | Crear | Villager (Male) |
| 15:17 | Investigar | Bow Saw |
| 15:18 | Investigar | Bow Saw |
| 15:33 | Construir | Siege Workshop |
| 15:36 | Crear | Villager (Male) |
| 15:55 | Construir | Mill |
| 16:07 | Construir | Farm |
| 16:14 | Crear | Villager (Male) |
| 16:24 | Construir | House |
| 16:31 | Construir | Farm |
| 16:45 | Crear | Villager (Male) |
| 16:45 | Crear | Villager (Male) |
| 16:47 | Construir | Farm |
| 16:49 | Construir | Farm |
| 17:08 | Construir | Farm |
| 17:09 | Crear | Villager (Male) |
| 17:09 | Crear | Villager (Male) |
| 17:09 | Crear | Villager (Male) |
| 17:09 | Crear | Villager (Male) |
| 17:16 | Crear | Villager (Male) |
| 17:16 | Crear | Villager (Male) |
| 17:17 | Crear | Villager (Male) |
| 17:30 | Crear | Villager (Male) |
| 17:30 | Crear | Villager (Male) |
| 17:31 | Crear | Villager (Male) |
| 17:36 | Construir | House |
| 17:42 | Crear | Villager (Male) |
| 17:42 | Crear | Villager (Male) |
| 17:42 | Crear | Villager (Male) |
| 17:46 | Crear | Mangonel |
| 17:47 | Crear | Mangonel |
| 17:47 | Crear | Mangonel |
| 17:49 | Crear | Villager (Male) |
| 17:54 | Construir | Farm |
| 18:00 | Crear | Villager (Male) |
| 18:00 | Crear | Villager (Male) |
| 18:00 | Crear | Villager (Male) |
| 18:01 | Crear | Villager (Male) |
| 18:09 | Construir | Farm |
| 18:12 | Crear | Villager (Male) |
| 18:12 | Crear | Villager (Male) |
| 18:12 | Crear | Villager (Male) |
| 18:20 | Construir | House |
| 18:24 | Crear | Villager (Male) |
| 18:25 | Crear | Villager (Male) |
| 18:25 | Crear | Villager (Male) |
| 18:25 | Crear | Villager (Male) |
| 18:29 | Construir | Farm |
| 18:31 | Crear | Villager (Male) |
| 18:31 | Crear | Villager (Male) |
| 18:31 | Crear | Villager (Male) |
| 18:36 | Construir | Farm |
| 18:53 | Crear | Mangonel |
| 18:54 | Crear | Mangonel |
| 18:54 | Crear | Mangonel |
| 18:55 | Crear | Villager (Male) |
| 18:56 | Crear | Villager (Male) |
| 18:56 | Crear | Villager (Male) |
| 19:01 | Construir | House |
| 19:02 | Crear | Villager (Male) |
| 19:02 | Crear | Villager (Male) |
| 19:03 | Crear | Villager (Male) |
| 19:03 | Crear | Villager (Male) |
| 19:09 | Crear | Villager (Male) |
| 19:09 | Crear | Villager (Male) |
| 19:09 | Crear | Villager (Male) |
| 19:18 | Crear | Villager (Male) |
| 19:19 | Crear | Villager (Male) |
| 19:31 | Crear | Mangonel |
| 19:32 | Crear | Mangonel |
| 19:32 | Crear | Mangonel |
| 19:32 | Crear | Mangonel |
| 19:34 | Crear | Villager (Male) |
| 19:34 | Crear | Villager (Male) |
| 19:34 | Crear | Villager (Male) |
| 19:39 | Crear | Villager (Male) |
Build order — Steven S Lee
124 acciones detectadas en el replay
| 0:01 | Crear | Villager (Male) |
| 0:01 | Crear | Villager (Male) |
| 0:01 | Crear | Villager (Male) |
| 0:02 | Crear | Villager (Male) |
| 0:02 | Construir | House |
| 0:03 | Construir | House |
| 1:02 | Crear | Villager (Male) |
| 1:02 | Crear | Villager (Male) |
| 2:10 | Crear | Villager (Male) |
| 2:10 | Crear | Villager (Male) |
| 2:10 | Crear | Villager (Male) |
| 2:10 | Crear | Villager (Male) |
| 2:21 | Crear | Villager (Male) |
| 2:24 | Construir | Settlement |
| 3:08 | Crear | Villager (Male) |
| 3:08 | Crear | Villager (Male) |
| 3:44 | Crear | Villager (Male) |
| 4:35 | Crear | Villager (Male) |
| 4:57 | Crear | Villager (Male) |
| 5:22 | Crear | Villager (Male) |
| 5:32 | Crear | Villager (Male) |
| 5:37 | Construir | Settlement |
| 6:12 | Crear | Villager (Male) |
| 6:20 | Investigar | Loom |
| 7:10 | Investigar | Feudal Age |
| 7:30 | Construir | Settlement |
| 8:24 | Construir | House |
| 8:49 | Construir | House |
| 8:54 | Construir | House |
| 8:57 | Construir | House |
| 9:07 | Construir | Palisade Wall |
| 9:20 | Edad | Edad Feudal |
| 9:33 | Construir | Farm |
| 9:33 | Crear | Villager (Male) |
| 9:52 | Construir | Watch Tower |
| 9:59 | Crear | Villager (Male) |
| 10:06 | Construir | Farm |
| 10:29 | Crear | Villager (Male) |
| 10:42 | Construir | Farm |
| 10:47 | Construir | Farm |
| 10:53 | Crear | Villager (Male) |
| 11:17 | Construir | Farm |
| 11:33 | Construir | House |
| 11:45 | Construir | Farm |
| 11:46 | Crear | Villager (Male) |
| 11:48 | Construir | Farm |
| 12:01 | Construir | Watch Tower |
| 12:08 | Construir | House |
| 12:25 | Crear | Villager (Male) |
| 12:28 | Construir | Farm |
| 13:05 | Crear | Villager (Male) |
| 13:17 | Crear | Villager (Male) |
| 13:20 | Construir | Settlement |
| 14:14 | Crear | Villager (Male) |
| 14:32 | Construir | Market |
| 14:46 | Crear | Villager (Male) |
| 15:10 | Crear | Villager (Male) |
| 15:38 | Crear | Villager (Male) |
| 15:46 | Construir | Blacksmith |
| 16:21 | Investigar | Castle Age |
| 16:21 | Investigar | Castle Age |
| 16:44 | Investigar | Double-Bit Axe |
| 17:25 | Investigar | Horse Collar |
| 18:21 | Investigar | Fletching |
| 18:46 | Crear | Villager (Male) |
| 19:01 | Edad | Edad de los Castillos |
| 19:04 | Construir | Castle |
| 20:09 | Crear | Villager (Male) |
| 20:21 | Crear | Villager (Male) |
| 20:37 | Investigar | Bodkin Arrow |
| 20:37 | Investigar | Bodkin Arrow |
| 20:39 | Crear | Unit 2579 |
| 21:25 | Crear | Unit 2579 |
| 21:25 | Crear | Unit 2579 |
| 21:27 | Crear | Villager (Male) |
| 21:37 | Construir | Town Center |
| 21:42 | Crear | Unit 2579 |
| 22:11 | Construir | Castle |
| 22:18 | Crear | Unit 2579 |
| 22:19 | Crear | Unit 2579 |
| 22:29 | Construir | Settlement |
| 22:35 | Crear | Unit 2579 |
| 22:48 | Crear | Unit 2579 |
| 23:35 | Crear | Unit 2579 |
| 23:37 | Crear | Unit 2579 |
| 23:40 | Crear | Villager (Male) |
| 23:56 | Crear | Villager (Male) |
| 24:52 | Crear | Unit 2579 |
| 24:53 | Crear | Unit 2579 |
| 24:53 | Crear | Unit 2579 |
| 24:54 | Crear | Villager (Male) |
| 25:13 | Crear | Unit 2579 |
| 25:14 | Crear | Unit 2579 |
| 25:23 | Crear | Unit 2579 |
| 25:27 | Crear | Unit 2579 |
| 26:25 | Crear | Unit 2579 |
| 26:26 | Crear | Unit 2579 |
| 26:26 | Crear | Unit 2579 |
| 26:35 | Crear | Unit 2579 |
| 26:37 | Crear | Unit 2579 |
| 26:44 | Construir | University |
| 27:40 | Crear | Unit 2579 |
| 28:01 | Crear | Unit 2579 |
| 28:01 | Crear | Unit 2579 |
| 28:13 | Crear | Villager (Male) |
| 28:16 | Crear | Unit 2579 |
| 28:16 | Crear | Unit 2579 |
| 28:26 | Construir | Market |
| 29:08 | Crear | Unit 2579 |
| 29:08 | Crear | Unit 2579 |
| 29:30 | Construir | Blacksmith |
| 29:56 | Crear | Unit 2579 |
| 29:56 | Crear | Unit 2579 |
| 29:58 | Crear | Unit 2579 |
| 29:58 | Crear | Unit 2579 |
| 30:02 | Crear | Villager (Male) |
| 30:11 | Investigar | Gold Mining |
| 30:46 | Investigar | Ballistics |
| 30:46 | Investigar | Ballistics |
| 31:25 | Crear | Unit 2579 |
| 31:25 | Crear | Unit 2579 |
| 31:26 | Crear | Unit 2579 |
| 31:27 | Crear | Unit 2579 |
| 31:27 | Crear | Unit 2579 |
Build order — KumaraGD
Primeras 150 de 196 acciones detectadas
| 0:00 | Crear | Villager (Male) |
| 0:01 | Crear | Villager (Male) |
| 0:01 | Crear | Villager (Male) |
| 0:02 | Construir | House |
| 0:03 | Construir | House |
| 0:23 | Crear | Villager (Male) |
| 0:24 | Crear | Villager (Male) |
| 1:21 | Crear | Villager (Male) |
| 1:21 | Crear | Villager (Male) |
| 1:26 | Construir | Lumber Camp |
| 1:45 | Crear | Villager (Male) |
| 1:46 | Crear | Villager (Male) |
| 2:13 | Crear | Villager (Male) |
| 2:13 | Crear | Villager (Male) |
| 2:36 | Crear | Villager (Male) |
| 2:36 | Crear | Villager (Male) |
| 3:07 | Crear | Villager (Male) |
| 3:07 | Crear | Villager (Male) |
| 3:32 | Construir | House |
| 3:41 | Construir | House |
| 3:56 | Construir | Mill |
| 4:00 | Crear | Villager (Male) |
| 4:00 | Crear | Villager (Male) |
| 4:07 | Crear | Villager (Male) |
| 4:07 | Crear | Villager (Male) |
| 4:15 | Construir | House |
| 5:08 | Crear | Villager (Male) |
| 5:27 | Crear | Villager (Male) |
| 5:42 | Crear | Villager (Male) |
| 5:42 | Investigar | Loom |
| 6:41 | Investigar | Feudal Age |
| 7:13 | Construir | Barracks |
| 7:33 | Crear | Villager (Male) |
| 7:33 | Crear | Villager (Male) |
| 7:44 | Construir | Mining Camp |
| 8:25 | Construir | House |
| 8:33 | Construir | Palisade Wall |
| 8:51 | Edad | Edad Feudal |
| 8:56 | Construir | Archery Range |
| 9:15 | Crear | Spearman |
| 9:25 | Crear | Villager (Male) |
| 9:27 | Investigar | Double-Bit Axe |
| 9:44 | Crear | Archer |
| 9:48 | Construir | Blacksmith |
| 9:51 | Crear | Villager (Male) |
| 10:04 | Crear | Villager (Male) |
| 10:19 | Crear | Villager (Male) |
| 10:19 | Crear | Villager (Male) |
| 10:24 | Crear | Archer |
| 10:24 | Crear | Archer |
| 10:31 | Crear | Villager (Male) |
| 10:45 | Crear | Archer |
| 10:47 | Crear | Villager (Male) |
| 10:49 | Construir | House |
| 11:05 | Construir | House |
| 11:12 | Crear | Archer |
| 11:24 | Investigar | Fletching |
| 11:27 | Construir | Archery Range |
| 11:33 | Investigar | Horse Collar |
| 11:48 | Crear | Villager (Male) |
| 11:48 | Crear | Villager (Male) |
| 11:53 | Crear | Archer |
| 11:59 | Construir | House |
| 12:01 | Crear | Archer |
| 12:10 | Crear | Villager (Male) |
| 12:15 | Construir | Farm |
| 12:17 | Construir | Farm |
| 12:22 | Crear | Archer |
| 12:37 | Crear | Spearman |
| 12:42 | Crear | Archer |
| 12:56 | Crear | Archer |
| 12:56 | Crear | Archer |
| 13:01 | Crear | Villager (Male) |
| 13:03 | Construir | Farm |
| 13:07 | Construir | Farm |
| 13:10 | Crear | Archer |
| 13:10 | Crear | Archer |
| 13:11 | Crear | Villager (Male) |
| 13:12 | Crear | Villager (Male) |
| 13:18 | Construir | House |
| 13:20 | Construir | Palisade Gate |
| 13:51 | Crear | Archer |
| 13:57 | Construir | House |
| 13:59 | Crear | Archer |
| 13:59 | Crear | Archer |
| 14:11 | Crear | Villager (Male) |
| 14:11 | Crear | Villager (Male) |
| 14:18 | Construir | Farm |
| 14:19 | Construir | Farm |
| 14:30 | Crear | Villager (Male) |
| 14:34 | Construir | Farm |
| 14:51 | Crear | Spearman |
| 14:51 | Crear | Spearman |
| 15:07 | Crear | Villager (Male) |
| 15:08 | Crear | Villager (Male) |
| 15:19 | Crear | Villager (Male) |
| 15:25 | Construir | Farm |
| 15:34 | Construir | House |
| 15:40 | Crear | Archer |
| 15:45 | Construir | Farm |
| 15:51 | Crear | Villager (Male) |
| 15:52 | Crear | Villager (Male) |
| 15:55 | Crear | Archer |
| 15:55 | Crear | Archer |
| 15:57 | Crear | Villager (Male) |
| 16:00 | Investigar | Town Watch |
| 16:03 | Crear | Archer |
| 16:03 | Crear | Archer |
| 16:22 | Crear | Archer |
| 16:23 | Crear | Archer |
| 16:25 | Crear | Villager (Male) |
| 16:25 | Crear | Villager (Male) |
| 16:30 | Construir | Gate |
| 16:32 | Crear | Archer |
| 16:32 | Crear | Archer |
| 16:45 | Construir | Farm |
| 16:58 | Crear | Villager (Male) |
| 17:04 | Construir | Watch Tower |
| 17:45 | Crear | Archer |
| 18:07 | Crear | Archer |
| 18:08 | Crear | Archer |
| 18:20 | Crear | Archer |
| 18:20 | Crear | Archer |
| 18:22 | Crear | Villager (Male) |
| 18:26 | Construir | House |
| 18:26 | Crear | Villager (Male) |
| 18:30 | Construir | Mining Camp |
| 18:56 | Crear | Villager (Male) |
| 19:23 | Construir | Archery Range |
| 19:29 | Crear | Villager (Male) |
| 19:35 | Construir | Mill |
| 20:09 | Crear | Villager (Male) |
| 20:09 | Crear | Villager (Male) |
| 20:24 | Construir | Market |
| 20:29 | Crear | Villager (Male) |
| 20:31 | Crear | Villager (Male) |
| 20:33 | Crear | Villager (Male) |
| 20:49 | Construir | Outpost |
| 20:51 | Construir | House |
| 21:07 | Investigar | Castle Age |
| 21:08 | Investigar | Castle Age |
| 21:16 | Construir | Lumber Camp |
| 21:21 | Crear | Archer |
| 21:32 | Crear | Villager (Male) |
| 21:32 | Crear | Villager (Male) |
| 21:43 | Crear | Villager (Male) |
| 21:54 | Construir | House |
| 21:55 | Construir | House |
| 22:03 | Crear | Archer |
| 22:04 | Crear | Archer |
Build order — Grrgrag
Primeras 150 de 245 acciones detectadas
| 0:01 | Crear | Villager (Male) |
| 0:01 | Crear | Villager (Male) |
| 0:01 | Crear | Villager (Male) |
| 0:02 | Crear | Villager (Male) |
| 0:02 | Crear | Villager (Male) |
| 0:03 | Construir | House |
| 0:05 | Construir | House |
| 1:24 | Crear | Villager (Male) |
| 1:24 | Crear | Villager (Male) |
| 2:08 | Crear | Villager (Male) |
| 2:08 | Crear | Villager (Male) |
| 2:08 | Crear | Villager (Male) |
| 2:50 | Crear | Villager (Male) |
| 2:50 | Crear | Villager (Male) |
| 3:03 | Crear | Villager (Male) |
| 3:03 | Crear | Villager (Male) |
| 3:03 | Crear | Villager (Male) |
| 3:09 | Construir | Lumber Camp |
| 3:18 | Construir | House |
| 3:57 | Crear | Villager (Male) |
| 4:36 | Crear | Villager (Male) |
| 4:36 | Crear | Villager (Male) |
| 5:15 | Crear | Villager (Male) |
| 5:16 | Crear | Villager (Male) |
| 5:32 | Construir | Mill |
| 6:13 | Investigar | Loom |
| 6:46 | Investigar | Feudal Age |
| 6:46 | Investigar | Feudal Age |
| 7:15 | Construir | Barracks |
| 7:49 | Construir | House |
| 8:56 | Edad | Edad Feudal |
| 8:57 | Construir | Stable |
| 8:58 | Crear | Villager (Male) |
| 8:58 | Crear | Villager (Male) |
| 9:03 | Construir | House |
| 9:26 | Crear | Villager (Male) |
| 9:32 | Construir | Palisade Wall |
| 9:36 | Construir | House |
| 9:38 | Construir | House |
| 9:40 | Construir | Palisade Gate |
| 9:45 | Crear | Scout Cavalry |
| 9:45 | Crear | Scout Cavalry |
| 9:45 | Crear | Scout Cavalry |
| 9:54 | Crear | Villager (Male) |
| 9:54 | Crear | Villager (Male) |
| 9:57 | Construir | Farm |
| 10:07 | Investigar | Double-Bit Axe |
| 10:08 | Investigar | Double-Bit Axe |
| 10:26 | Construir | Palisade Wall |
| 10:26 | Construir | Palisade Wall |
| 10:53 | Crear | Villager (Male) |
| 11:02 | Construir | Farm |
| 11:23 | Crear | Scout Cavalry |
| 11:23 | Crear | Villager (Male) |
| 11:24 | Crear | Villager (Male) |
| 11:44 | Construir | Palisade Wall |
| 11:48 | Construir | Farm |
| 11:51 | Construir | Farm |
| 11:52 | Crear | Scout Cavalry |
| 11:57 | Construir | Farm |
| 12:15 | Crear | Villager (Male) |
| 12:17 | Construir | Farm |
| 12:24 | Construir | Farm |
| 12:32 | Construir | House |
| 12:35 | Crear | Villager (Male) |
| 13:01 | Crear | Villager (Male) |
| 13:03 | Construir | Farm |
| 13:04 | Construir | Farm |
| 13:09 | Construir | Farm |
| 13:21 | Crear | Villager (Male) |
| 13:23 | Construir | Farm |
| 13:36 | Crear | Villager (Male) |
| 13:38 | Construir | Farm |
| 14:18 | Crear | Villager (Male) |
| 14:21 | Construir | Farm |
| 14:22 | Construir | Farm |
| 14:22 | Construir | Farm |
| 14:22 | Construir | Farm |
| 14:27 | Construir | Farm |
| 14:31 | Crear | Villager (Male) |
| 14:31 | Crear | Villager (Male) |
| 14:51 | Construir | Mining Camp |
| 14:58 | Construir | Palisade Gate |
| 15:10 | Construir | Farm |
| 15:34 | Crear | Villager (Male) |
| 15:38 | Construir | Blacksmith |
| 15:40 | Crear | Villager (Male) |
| 16:32 | Construir | House |
| 16:33 | Construir | House |
| 16:51 | Investigar | Castle Age |
| 16:51 | Investigar | Castle Age |
| 16:55 | Investigar | Gold Mining |
| 17:02 | Construir | Farm |
| 17:05 | Construir | Farm |
| 17:09 | Investigar | Scale Barding Armor |
| 17:10 | Investigar | Scale Barding Armor |
| 17:15 | Construir | Farm |
| 17:39 | Investigar | Forging |
| 17:40 | Investigar | Forging |
| 17:52 | Construir | Stable |
| 18:23 | Construir | Farm |
| 19:10 | Crear | Villager (Male) |
| 19:11 | Crear | Villager (Male) |
| 19:31 | Construir | Farm |
| 19:31 | Edad | Edad de los Castillos |
| 19:32 | Investigar | Bow Saw |
| 19:33 | Investigar | Bow Saw |
| 19:33 | Crear | Knight |
| 19:33 | Crear | Knight |
| 19:33 | Crear | Knight |
| 19:35 | Investigar | Chain Barding Armor |
| 19:36 | Investigar | Chain Barding Armor |
| 19:46 | Crear | Knight |
| 19:58 | Construir | Lumber Camp |
| 20:02 | Crear | Villager (Male) |
| 20:02 | Crear | Villager (Male) |
| 20:05 | Crear | Knight |
| 20:05 | Crear | Knight |
| 20:29 | Crear | Knight |
| 20:29 | Crear | Knight |
| 20:34 | Construir | House |
| 20:35 | Construir | House |
| 20:37 | Construir | House |
| 20:54 | Crear | Knight |
| 20:54 | Crear | Knight |
| 21:07 | Crear | Villager (Male) |
| 21:07 | Crear | Villager (Male) |
| 21:11 | Investigar | Husbandry |
| 21:15 | Construir | House |
| 21:26 | Crear | Knight |
| 21:41 | Crear | Villager (Male) |
| 21:42 | Crear | Knight |
| 21:43 | Crear | Knight |
| 21:52 | Construir | Mining Camp |
| 21:59 | Construir | House |
| 21:59 | Construir | House |
| 22:03 | Crear | Villager (Male) |
| 22:07 | Crear | Knight |
| 22:07 | Crear | Knight |
| 22:21 | Construir | House |
| 22:33 | Crear | Knight |
| 22:34 | Crear | Knight |
| 22:54 | Crear | Villager (Male) |
| 22:55 | Crear | Villager (Male) |
| 22:55 | Crear | Villager (Male) |
| 22:56 | Crear | Knight |
| 22:56 | Crear | Knight |
| 23:06 | Crear | Knight |
| 23:07 | Crear | Knight |
| 23:07 | Crear | Knight |
Build order — 玩UG千万别出HY龙心
Primeras 150 de 183 acciones detectadas
| 0:02 | Crear | Villager (Male) |
| 0:02 | Crear | Villager (Male) |
| 0:03 | Crear | Villager (Male) |
| 0:04 | Construir | House |
| 0:06 | Construir | House |
| 0:40 | Crear | Villager (Male) |
| 0:41 | Crear | Villager (Male) |
| 1:29 | Crear | Villager (Male) |
| 2:02 | Crear | Villager (Male) |
| 2:03 | Crear | Villager (Male) |
| 2:21 | Crear | Villager (Male) |
| 2:28 | Construir | Lumber Camp |
| 2:54 | Crear | Villager (Male) |
| 2:54 | Crear | Villager (Male) |
| 3:12 | Crear | Villager (Male) |
| 3:32 | Crear | Villager (Male) |
| 3:38 | Construir | House |
| 3:41 | Construir | House |
| 4:03 | Crear | Villager (Male) |
| 4:04 | Crear | Villager (Male) |
| 4:15 | Crear | Villager (Male) |
| 4:15 | Crear | Villager (Male) |
| 4:57 | Crear | Villager (Male) |
| 4:57 | Crear | Villager (Male) |
| 5:40 | Construir | Barracks |
| 5:44 | Crear | Villager (Male) |
| 5:47 | Investigar | Loom |
| 6:47 | Investigar | Feudal Age |
| 6:47 | Investigar | Feudal Age |
| 7:06 | Construir | Mining Camp |
| 7:17 | Crear | Militia |
| 7:17 | Crear | Militia |
| 7:23 | Construir | House |
| 7:33 | Crear | Militia |
| 7:53 | Construir | Mill |
| 8:06 | Crear | Militia |
| 8:06 | Crear | Militia |
| 8:25 | Crear | Villager (Male) |
| 8:33 | Construir | Palisade Gate |
| 8:57 | Edad | Edad Feudal |
| 9:12 | Construir | Archery Range |
| 9:21 | Investigar | Man-at-Arms (upgrade) |
| 9:38 | Crear | Villager (Male) |
| 9:56 | Investigar | Double-Bit Axe |
| 9:56 | Investigar | Double-Bit Axe |
| 10:01 | Construir | House |
| 10:25 | Crear | Archer |
| 10:36 | Crear | Villager (Male) |
| 10:48 | Construir | Palisade Wall |
| 10:59 | Crear | Villager (Male) |
| 11:17 | Construir | Blacksmith |
| 11:24 | Crear | Archer |
| 11:26 | Crear | Villager (Male) |
| 11:38 | Construir | Farm |
| 11:39 | Construir | Farm |
| 11:40 | Construir | Farm |
| 11:48 | Crear | Villager (Male) |
| 11:59 | Crear | Archer |
| 12:06 | Construir | Palisade Wall |
| 12:12 | Construir | Farm |
| 12:14 | Construir | Farm |
| 12:15 | Crear | Villager (Male) |
| 12:35 | Investigar | Fletching |
| 12:39 | Construir | House |
| 12:56 | Crear | Villager (Male) |
| 12:57 | Crear | Archer |
| 13:06 | Construir | Farm |
| 13:08 | Construir | Farm |
| 13:10 | Crear | Villager (Male) |
| 13:15 | Construir | House |
| 13:32 | Crear | Archer |
| 13:45 | Crear | Villager (Male) |
| 13:46 | Crear | Archer |
| 13:48 | Construir | Farm |
| 13:50 | Construir | Farm |
| 13:51 | Crear | Villager (Male) |
| 14:13 | Crear | Archer |
| 14:24 | Construir | Farm |
| 14:25 | Crear | Villager (Male) |
| 14:26 | Crear | Archer |
| 14:31 | Construir | House |
| 14:57 | Crear | Villager (Male) |
| 15:20 | Crear | Villager (Male) |
| 15:21 | Crear | Archer |
| 15:23 | Construir | Farm |
| 15:25 | Construir | Farm |
| 15:28 | Construir | Farm |
| 15:28 | Crear | Villager (Male) |
| 16:12 | Crear | Villager (Male) |
| 16:12 | Crear | Archer |
| 16:19 | Construir | Farm |
| 16:20 | Construir | Farm |
| 16:27 | Construir | Lumber Camp |
| 16:34 | Crear | Villager (Male) |
| 16:47 | Crear | Villager (Male) |
| 16:47 | Crear | Archer |
| 16:50 | Construir | House |
| 16:51 | Construir | House |
| 16:59 | Construir | House |
| 17:21 | Crear | Archer |
| 17:43 | Crear | Villager (Male) |
| 18:06 | Construir | Lumber Camp |
| 18:06 | Crear | Villager (Male) |
| 18:15 | Investigar | Castle Age |
| 18:16 | Investigar | Castle Age |
| 18:49 | Construir | Archery Range |
| 19:10 | Crear | Archer |
| 19:16 | Investigar | Gold Mining |
| 19:23 | Construir | House |
| 19:24 | Construir | House |
| 19:31 | Investigar | Horse Collar |
| 19:33 | Construir | Farm |
| 19:38 | Crear | Archer |
| 19:58 | Crear | Villager (Male) |
| 19:59 | Crear | Archer |
| 20:00 | Crear | Archer |
| 20:02 | Investigar | Padded Archer Armor |
| 20:27 | Construir | Outpost |
| 20:30 | Investigar | Town Watch |
| 20:55 | Edad | Edad de los Castillos |
| 21:01 | Investigar | Crossbowman (upgrade) |
| 21:31 | Construir | Outpost |
| 21:34 | Investigar | Bodkin Arrow |
| 21:34 | Crear | Villager (Male) |
| 21:52 | Crear | Archer |
| 21:52 | Crear | Archer |
| 22:03 | Crear | Villager (Male) |
| 22:03 | Crear | Villager (Male) |
| 22:11 | Construir | Town Center |
| 22:23 | Construir | Outpost |
| 22:29 | Crear | Archer |
| 22:30 | Crear | Archer |
| 22:30 | Crear | Archer |
| 22:48 | Crear | Villager (Male) |
| 23:13 | Investigar | Wheelbarrow |
| 23:14 | Crear | Villager (Male) |
| 23:17 | Construir | Farm |
| 23:18 | Construir | Farm |
| 23:19 | Construir | Farm |
| 23:20 | Crear | Villager (Male) |
| 23:41 | Crear | Archer |
| 23:41 | Crear | Archer |
| 23:42 | Crear | Archer |
| 24:01 | Construir | Barracks |
| 24:06 | Investigar | Pikeman (upgrade) |
| 24:09 | Crear | Archer |
| 24:09 | Crear | Archer |
| 24:10 | Crear | Archer |
| 24:12 | Construir | Farm |
| 24:54 | Crear | Archer |
Build order — Fred's real son
Primeras 150 de 308 acciones detectadas
| 0:00 | Crear | Villager (Male) |
| 0:01 | Crear | Villager (Male) |
| 0:02 | Construir | House |
| 0:04 | Construir | House |
| 0:38 | Crear | Villager (Male) |
| 0:38 | Crear | Villager (Male) |
| 0:39 | Crear | Villager (Male) |
| 1:43 | Crear | Villager (Male) |
| 1:43 | Crear | Villager (Male) |
| 1:43 | Crear | Villager (Male) |
| 2:12 | Crear | Villager (Male) |
| 2:12 | Crear | Villager (Male) |
| 2:12 | Crear | Villager (Male) |
| 2:34 | Crear | Villager (Male) |
| 2:34 | Crear | Villager (Male) |
| 2:34 | Crear | Villager (Male) |
| 2:57 | Crear | Villager (Male) |
| 2:58 | Crear | Villager (Male) |
| 3:21 | Crear | Villager (Male) |
| 3:21 | Crear | Villager (Male) |
| 3:21 | Crear | Villager (Male) |
| 3:25 | Construir | Lumber Camp |
| 3:30 | Crear | Villager (Male) |
| 3:59 | Crear | Villager (Male) |
| 3:59 | Crear | Villager (Male) |
| 4:19 | Crear | Villager (Male) |
| 4:22 | Construir | House |
| 4:40 | Crear | Villager (Male) |
| 4:40 | Crear | Villager (Male) |
| 5:28 | Crear | Villager (Male) |
| 5:29 | Crear | Villager (Male) |
| 6:06 | Construir | Mill |
| 6:15 | Crear | Villager (Male) |
| 6:52 | Investigar | Feudal Age |
| 6:53 | Investigar | Feudal Age |
| 7:54 | Crear | Villager (Male) |
| 7:59 | Construir | House |
| 8:25 | Construir | House |
| 9:02 | Edad | Edad Feudal |
| 9:07 | Construir | Town Center |
| 9:11 | Investigar | Double-Bit Axe |
| 9:12 | Crear | Villager (Male) |
| 9:33 | Construir | House |
| 9:39 | Crear | Villager (Male) |
| 9:45 | Investigar | Horse Collar |
| 9:46 | Investigar | Horse Collar |
| 9:58 | Crear | Villager (Male) |
| 10:04 | Construir | House |
| 10:13 | Construir | Farm |
| 10:22 | Crear | Villager (Male) |
| 10:24 | Construir | House |
| 10:52 | Crear | Villager (Male) |
| 10:59 | Construir | House |
| 11:10 | Construir | Farm |
| 11:12 | Crear | Villager (Male) |
| 11:22 | Construir | House |
| 11:35 | Construir | House |
| 11:37 | Crear | Villager (Male) |
| 11:40 | Construir | House |
| 11:49 | Construir | Palisade Wall |
| 11:51 | Construir | Palisade Wall |
| 11:53 | Construir | Palisade Wall |
| 11:55 | Crear | Villager (Male) |
| 12:00 | Crear | Villager (Male) |
| 12:06 | Construir | Farm |
| 12:09 | Construir | Farm |
| 12:19 | Construir | Palisade Wall |
| 12:21 | Crear | Villager (Male) |
| 12:21 | Crear | Villager (Male) |
| 12:27 | Construir | Palisade Wall |
| 12:33 | Crear | Villager (Male) |
| 12:33 | Crear | Villager (Male) |
| 12:48 | Crear | Villager (Male) |
| 12:48 | Crear | Villager (Male) |
| 13:01 | Construir | Farm |
| 13:07 | Construir | Farm |
| 13:17 | Crear | Villager (Male) |
| 13:21 | Construir | Farm |
| 13:26 | Investigar | Loom |
| 13:26 | Investigar | Loom |
| 13:26 | Investigar | Loom |
| 13:33 | Crear | Villager (Male) |
| 13:34 | Crear | Villager (Male) |
| 13:47 | Crear | Villager (Male) |
| 13:47 | Crear | Villager (Male) |
| 13:56 | Construir | Farm |
| 13:57 | Construir | Farm |
| 14:10 | Crear | Villager (Male) |
| 14:16 | Construir | Farm |
| 14:31 | Crear | Villager (Male) |
| 14:35 | Crear | Villager (Male) |
| 14:46 | Construir | Farm |
| 15:02 | Construir | Farm |
| 15:11 | Crear | Villager (Male) |
| 15:26 | Construir | Farm |
| 15:28 | Construir | Farm |
| 15:30 | Crear | Villager (Male) |
| 15:53 | Crear | Villager (Male) |
| 15:54 | Crear | Villager (Male) |
| 15:58 | Construir | Farm |
| 16:12 | Construir | Farm |
| 16:15 | Construir | Farm |
| 16:19 | Construir | Farm |
| 16:21 | Construir | Farm |
| 16:29 | Construir | Farm |
| 16:30 | Construir | Farm |
| 16:31 | Crear | Villager (Male) |
| 16:33 | Construir | Lumber Camp |
| 16:35 | Crear | Villager (Male) |
| 16:44 | Construir | Farm |
| 16:45 | Crear | Villager (Male) |
| 16:52 | Investigar | Wheelbarrow |
| 16:53 | Investigar | Wheelbarrow |
| 17:01 | Crear | Villager (Male) |
| 17:05 | Construir | Farm |
| 17:08 | Construir | Farm |
| 17:11 | Construir | Farm |
| 17:36 | Crear | Villager (Male) |
| 17:36 | Crear | Villager (Male) |
| 17:49 | Construir | Mining Camp |
| 18:13 | Construir | Farm |
| 18:15 | Construir | Farm |
| 18:18 | Crear | Villager (Male) |
| 18:20 | Crear | Villager (Male) |
| 18:20 | Crear | Villager (Male) |
| 18:27 | Construir | Market |
| 18:33 | Construir | House |
| 18:36 | Construir | House |
| 18:38 | Construir | House |
| 18:55 | Crear | Villager (Male) |
| 18:56 | Crear | Villager (Male) |
| 19:02 | Investigar | Gold Mining |
| 19:07 | Construir | Mill |
| 19:08 | Construir | Farm |
| 19:08 | Construir | Farm |
| 19:08 | Construir | Farm |
| 19:09 | Construir | Farm |
| 19:09 | Construir | Farm |
| 19:09 | Construir | Farm |
| 19:12 | Crear | Villager (Male) |
| 19:22 | Crear | Villager (Male) |
| 19:58 | Crear | Villager (Male) |
| 19:58 | Crear | Villager (Male) |
| 20:01 | Construir | Market |
| 20:03 | Construir | Blacksmith |
| 20:30 | Crear | Villager (Male) |
| 20:31 | Crear | Villager (Male) |
| 20:39 | Construir | House |
| 20:42 | Construir | House |
| 20:45 | Construir | House |
Cronología de la partida
| 5:40 | 玩UG千万别出HY龙心 · first_building Barracks |
| 7:13 | KumaraGD · first_building Barracks |
| 7:15 | Grrgrag · first_building Barracks |
| 8:33 | KumaraGD · wall_segment Palisade Wall x3 |
| 8:40 | argum · first_building Barracks |
| 8:51 | KumaraGD · age_up feudal |
| 8:56 | Grrgrag · age_up feudal |
| 8:56 | KumaraGD · first_building Archery Range |
| 8:57 | 玩UG千万别出HY龙心 · age_up feudal |
| 8:57 | Grrgrag · first_building Stable |
| 9:02 | Fred's real son · age_up feudal |
| 9:07 | Steven S Lee · wall_segment Palisade Wall x12 |
| 9:12 | 玩UG千万别出HY龙心 · first_building Archery Range |
| 9:14 | argum · age_up feudal |
| 9:20 | Steven S Lee · age_up feudal |
| 9:23 | argum · first_building Archery Range |
| 9:32 | Grrgrag · wall_segment Palisade Wall x5 |
| 10:10 | EndRCM · age_up feudal |
| 10:26 | Grrgrag · wall_segment Palisade Wall x1 |
| 10:26 | Grrgrag · wall_segment Palisade Wall x1 |
| 10:43 | Elroundyy · age_up feudal |
| 10:48 | 玩UG千万别出HY龙心 · wall_segment Palisade Wall x1 |
| 11:36 | Elroundyy · first_market_sell 100 wood |
| 11:36 | Elroundyy · first_market_buy 100 food |
| 11:44 | argum · first_market_sell 100 stone |
| 11:44 | Grrgrag · wall_segment Palisade Wall x21 |
| 11:49 | Fred's real son · wall_segment Palisade Wall x25 |
| 11:51 | Fred's real son · wall_segment Palisade Wall x8 |
| 11:53 | Fred's real son · wall_segment Palisade Wall x12 |
| 12:06 | 玩UG千万别出HY龙心 · wall_segment Palisade Wall x1 |
| 12:19 | Fred's real son · wall_segment Palisade Wall x15 |
| 12:27 | Fred's real son · wall_segment Palisade Wall x5 |
| 13:24 | EndRCM · age_up castle |
| 13:28 | argum · first_market_buy 100 food |
| 14:25 | Elroundyy · age_up castle |
| 14:54 | EndRCM · wall_segment Palisade Wall x1 |
| 15:04 | Elroundyy · first_building Monastery |
| 15:33 | EndRCM · first_building Siege Workshop |
| 19:01 | Steven S Lee · age_up castle |
| 19:04 | Steven S Lee · first_building Castle |
| 19:31 | Grrgrag · age_up castle |
| 19:37 | Steven S Lee · first_market_sell 100 wood |
| 19:38 | Steven S Lee · first_market_buy 100 food |
| 19:52 | EndRCM · wall_segment Palisade Wall x20 |
| 20:37 | EndRCM · wall_segment Palisade Wall x22 |
| 20:55 | 玩UG千万别出HY龙心 · age_up castle |
| 20:56 | KumaraGD · first_market_sell 100 stone |
| 20:56 | KumaraGD · first_market_buy 100 food |
| 21:10 | EndRCM · wall_segment Palisade Wall x4 |
| 21:15 | Fred's real son · first_building Barracks |
| 21:46 | Fred's real son · first_building Stable |
| 22:55 | Elroundyy · first_building Barracks |
| 23:38 | Fred's real son · age_up castle |
| 23:56 | Elroundyy · first_building Stable |
| 24:04 | KumaraGD · age_up castle |
| 26:48 | 玩UG千万别出HY龙心 · first_building Siege Workshop |
| 27:31 | Grrgrag · first_building Monastery |
| 27:42 | EndRCM · first_building Stable |
| 27:56 | 玩UG千万别出HY龙心 · resign |
| 28:00 | EndRCM · first_building Castle |
| 28:03 | Elroundyy · first_building Castle |
| 29:49 | argum · age_up castle |
| 30:32 | EndRCM · wall_segment Palisade Wall x2 |
| 31:28 | argum · first_building Monastery |
[ ANÁLISIS IA · 1 CRÉDITO ]
¿Qué pasó realmente en esta partida?
Wolo.gg analiza cada decisión: build order, eco, micro, errores típicos por bracket. Análisis personalizado por WhatsApp o Discord en 30 segundos.
Guía civ
Sarracenos
Perfil
Jugador #48892